 Dungeon Crawl Stone Soup version 0.27-a0-1060-gcb85b5eba1 (webtiles) character file.

Game seed: 9680189220156834171

13119 HoaS the Grappler (level 11, -5/92 HPs)
             Began as a Demigod Gladiator on Apr 21, 2021.
             Asphyxiated
             ... on level 2 of the Lair of Beasts.
             The game lasted 00:25:24 (15066 turns).

HoaS the Grappler (Demigod Gladiator)              Turns: 15066, Time: 00:25:25

Health: -5/92      AC: 19    Str: 33    XL:     11   Next: 44%
Magic:  14/14      EV: 12    Int: 12    God:
Gold:   2691       SH:  0    Dex: 17    Spells: 10/10 levels left

rFire    . . .     SeeInvis +     - Unarmed
rCold    . . .     Faith    .   (no shield)
rNeg     . . .     Spirit   .   v - +0 plate armour
rPois    .         Reflect  .   b - +1 helmet
rElec    .         Harm     .   r - +0 cloak
rCorr    .         Rampage  .   x - +0 pair of gloves
Will     +....                  f - +0 pair of boots
Stlth    ..........             (no amulet)
HPRegen  0.25/turn              u - ring "Avuz" {Contam Str+6 Int+2 Dex+2 SInv Stlth+}
MPRegen  0.14/turn              (no ring)

@: lethally poisoned (-5 -> -27), slowed, very slow
A: high mp 1, forlorn
a: no special abilities


You were on level 2 of the Lair of Beasts.
You visited 2 branches of the dungeon, and saw 12 of its levels.

You collected 2715 gold pieces.
You spent 24 gold pieces at shops.

Inventory:

Missiles
 h - 4 atropa-tipped darts
 i - 6 curare-tipped darts
 l - 2 javelins
 p - 37 poisoned darts
Armour
 b - a +1 helmet (worn)
 f - a +0 pair of boots (worn)
 r - a +0 cloak (worn)
 v - a +0 plate armour (worn)
 x - a +0 pair of gloves (worn)
Jewellery
 u - the ring "Avuz" (left hand) {Contam Str+6 Int+2 Dex+2 SInv Stlth+}
   (You acquired it on level 8 of the Dungeon)

   [ring of strength]

   It affects your strength (+6).
   It affects your intelligence (+2).
   It affects your dexterity (+2).
   It lets you see invisible.
   It causes magical contamination when unequipped.
   It makes you more stealthy.
Wands
 k - a wand of flame (7)
 o - a wand of digging (2)
 q - a wand of iceblast (6)
 s - a wand of paralysis (7)
 t - a wand of mindburst (19) (quivered)
Scrolls
 a - 2 scrolls of teleportation
 j - 2 scrolls of fear
 y - a scroll of fog {unknown}
Potions
 c - 3 potions of attraction
 d - 4 potions of might
 e - 5 potions of curing
 g - a potion of berserk rage
 m - 2 potions of flight {unknown}
 n - a potion of ambrosia {unknown}
 w - a potion of lignification {unknown}


   Skills:
 + Level 7.2 Fighting
 - Level 1.7 Throwing
 + Level 7.2 Armour
 + Level 7.2 Dodging
 * Level 14.4 Unarmed Combat


You had 10 spell levels left.
You didn't know any spells.
Your spell library contained the following spells:

 Spells                   Type           Power      Damage    Failure   Level
 Gell's Gravitas          Tloc           0%         N/A       100%        3
 Portal Projectile        Hex/Tloc       0%         N/A       100%        3
 Passage of Golubria      Tloc           N/A        N/A       100%        4
 Manifold Assault         Tloc           0%         N/A       100%        5
 Dispersal                Tloc           0%         N/A       100%        6
 Disjunction              Tloc           0%         N/A       100%        8


Dungeon Overview and Level Annotations

Branches:
Dungeon (10/15)            Temple (0/1) D:7            Lair (2/6) D:10
    Orc (0/2) D:10
  Swamp: Lair:2-4    Shoals: Lair:2-4     Snake: Lair:2-4    Spider: Lair:2-4

Shops:
D:7 (

Annotations:
D:8 exclusion: obsidian statue
Lair:2 Sonja


Innate Abilities, Weirdness & Mutations

Your attributes grow dramatically as you level up.
You have an increased reservoir of magic. (+10% MP)
You shall have no god before yourself.


Message History

You have finished your manual of Unarmed Combat and toss it away.
You punch the komodo dragon!
The komodo dragon is moderately wounded.
You feel sick.
You punch the komodo dragon!
The komodo dragon is severely wounded.
You feel sick. The komodo dragon closely misses you.
You barely miss the komodo dragon.
The komodo dragon is severely wounded.
You feel sick. The komodo dragon barely misses you.
Your plate armour prevents you from hitting the komodo dragon.
The komodo dragon is severely wounded.
You feel sick. The komodo dragon barely misses you.
You completely miss the komodo dragon.
The komodo dragon is severely wounded.
The ice encasing you melts away.
You feel sick.
You hit the komodo dragon.
The komodo dragon is severely wounded.
You feel sick. The komodo dragon closely misses you.
You punch the komodo dragon!
The komodo dragon is almost dead.
The komodo dragon bites you!!
* * * LOW HITPOINT WARNING * * *
You punch the komodo dragon!
You kill the komodo dragon!
You feel sick.
You swing at nothing.
You feel sick.
You feel sick.
You are no longer poisoned.
Sonja, the Graceful Assassin comes into view.
She is wielding a +6 short sword of distortion and quivering curare-tipped darts.
Sonja throws a curare-tipped dart.
The curare-tipped dart hits you.
You are poisoned.
You have difficulty breathing.
* * * LOW HITPOINT WARNING * * *
You feel yourself slow down.
Sonja throws a curare-tipped dart.
The curare-tipped dart hits you.
You are more poisoned.
You have difficulty breathing.
You die...

........................P
#....................P.......##
#.................##.P#.#.#...#
.......##..#.†#...#..######..P#
#......##..#'#....##.....#...#
#......##..F.#....##.........#
.......##).F.#....##.....##..#
........#....##...######.##..##
#......##lkP##..@.#########...#
#......#....##P..............##
.........##+##...............#
.............#...............##
##.......#.8..................#
#..........##..........<.....#
..###..##...#.....#####.###P.##
...........##K....# ### #..#
#....8.....# #P..#


You could see Sonja.

Vanquished Creatures
  2 two-headed ogres
  Erica (D:10)
  A manticore (D:10)
  3 elephants
  A gargoyle (D:10)
  A cane toad (Lair:2)
  2 komodo dragons
  A rime drake (Lair:2)
  A wyvern (D:8)
  18 yaks
  4 shadows
  The ghost of Karim the Ruffian, an amateur TrWr of Hepliaklqana (D:4)
  A steam dragon (D:8)
  Edmund (D:6)
  Duvessa (D:5)
  4 water moccasins
  3 orc warriors
  3 black bears
  A sky beast (D:5)
  5 ogres
  5 centaurs
  A phantom (D:5)
  2 kobold brigands
  8 bullfrogs
  2 scorpions
  Dowan (D:5)
  A water moccasin zombie (D:6)
  4 killer bees (D:10)
  3 wights (D:7)
  A howler monkey (D:6)
  6 orc priests
  4 hounds
  2 gnoll shamans
  A jelly (D:3)
  A centaur skeleton (D:7)
  3 centaur zombies
  4 iguanas
  5 orc wizards
  A killer bee zombie (D:8)
  6 ogre zombies (D:10)
  A hound zombie (D:4)
  A howler monkey zombie (D:10)
  8 gnolls
  3 adders
  2 river rats (D:4)
  A white imp (D:7)
  4 ufetubi
  An adder zombie (D:5)
  5 worms
  25 orcs
  8 ball pythons
  3 endoplasms
  3 giant cockroaches
  8 goblins
  3 hobgoblins (D:3)
  4 jackals (D:2)
  5 quokkas
  7 bats
  3 frilled lizards
  3 goblin zombies (D:10)
  3 hobgoblin zombies (D:10)
  13 kobolds
  An orc skeleton (D:10)
  12 orc zombies (D:10)
  6 rats
249 creatures vanquished.

Vanquished Creatures (others)
  36 fungi
  43 plants
79 creatures vanquished.

Grand Total: 328 creatures vanquished

Notes
Turn   | Place    | Note
-------+----------+-------------------------------------------
     0 | D:1      | HoaS the Demigod Gladiator began the quest for the Orb.
     0 | D:1      | Reached XP level 1. HP: 17/17 MP: 3/3
   185 | D:1      | Reached skill level 3 in Unarmed Combat
   586 | D:1      | Reached XP level 2. HP: 5/24 MP: 4/4
  1283 | D:2      | Reached XP level 3. HP: 29/29 MP: 5/5
  1377 | D:2      | Reached skill level 4 in Unarmed Combat
  1637 | D:2      | Identified a scroll of acquirement
  1637 | D:2      | Acquired 1224 gold pieces
  2185 | D:3      | Reached XP level 4. HP: 31/36 MP: 6/6
  2192 | D:3      | Reached skill level 5 in Unarmed Combat
  2943 | D:3      | Acquired 967 gold pieces
  3027 | D:3      | Reached XP level 5. HP: 10/41 MP: 7/7
  3763 | D:4      | Noticed an ogre
  3777 | D:4      | Killed an ogre
  3778 | D:4      | Reached skill level 6 in Unarmed Combat
  3779 | D:4      | Noticed a two-headed ogre
  3793 | D:4      | Killed a two-headed ogre
  3794 | D:4      | Reached skill level 8 in Unarmed Combat
  3794 | D:4      | Reached XP level 6. HP: 48/48 MP: 8/8
  3794 | D:4      | Reached XP level 7. HP: 53/53 MP: 9/9
  3871 | D:4      | Reached skill level 9 in Unarmed Combat
  4085 | D:4      | Reached skill level 1 in Armour
  4119 | D:4      | Reached XP level 8. HP: 58/62 MP: 10/10
  4221 | D:4      | Found a runed translucent door.
  4225 | D:4      | Noticed Karim's ghost (amateur TrWr)
  4284 | D:4      | Found a runed translucent door.
  4548 | D:4      | Killed Karim's ghost
  4645 | D:5      | Entered Level 5 of the Dungeon
  4881 | D:5      | Noticed Duvessa
  4882 | D:5      | Noticed Dowan
  5111 | D:5      | Killed Duvessa
  5291 | D:5      | Killed Dowan
  6371 | D:6      | Noticed Edmund
  6388 | D:6      | Killed Edmund
  6855 | D:6      | Reached XP level 9. HP: 46/71 MP: 11/11
  7402 | D:7      | Reached skill level 10 in Unarmed Combat
  7836 | D:7      | Found a staircase to the Ecumenical Temple.
  7915 | D:7      | Acquired a manual of Unarmed Combat
  7968 | D:7      | Found Timyal's Weapon Shoppe.
  7980 | D:7      | Bought 4 atropa-tipped darts for 24 gold pieces
  9141 | D:8      | Reached skill level 5 in Fighting
  9141 | D:8      | Reached skill level 5 in Dodging
  9362 | D:8      | Reached skill level 5 in Armour
  9362 | D:8      | Reached skill level 11 in Unarmed Combat
 10122 | D:8      | Noticed an obsidian statue
 10146 | D:8      | Acquired the ring "Avuz" {Contam Str+6 Int+2 Dex+2 SInv
                  | Stlth+}
 10307 | D:8      | Noticed a sixfirhy
 10307 | D:8      | Noticed an orange demon
 10621 | D:9      | Reached XP level 10. HP: 60/81 MP: 13/13
 11065 | D:9      | Reached skill level 12 in Unarmed Combat
 11948 | D:10     | Entered Level 10 of the Dungeon
 12091 | D:10     | Noticed Erica
 12104 | D:10     | Killed Erica
 12312 | D:10     | HP: 4/83 [poisoned by a water moccasin]
 12670 | D:10     | Reached skill level 13 in Unarmed Combat
 12802 | D:10     | Found a staircase to the Lair.
 13281 | D:10     | Found a staircase to the Orcish Mines.
 13887 | D:10     | Noticed a two-headed ogre
 13888 | D:10     | Noticed a manticore
 13896 | D:10     | Killed a manticore
 13897 | D:10     | Reached XP level 11. HP: 91/91 MP: 14/14
 13898 | D:10     | Killed a two-headed ogre
 14034 | Lair:1   | Entered Level 1 of the Lair of Beasts
 14900 | Lair:1   | Reached skill level 14 in Unarmed Combat
 15066 | Lair:2   | Noticed Sonja
 15066 | Lair:2   | HP: 3/92 [asphyx]
 15066 | Lair:2   | Asphyxiated

Illustrated notes

Levels and vault maps discovered:
D:1:      roderic_crossed_star, layout_rooms,
          hellmonk_ecumenical_altar_inner_sanctum
D:2:      layout_loops_ring
D:3:      layout_basic
D:4:      layout_cave_pools, ebering_ghost_sewer_f
D:5:      layout_gridville, kennysheep_mini, uniq_duvessa
D:6:      layout_basic, chequers_temple_overflow_statue_of_worship,
          nicolae_ashenzari_skybound, uniq_edmund
D:7:      layout_basic, temple_fountains, serial_shops, shop,
          chequers_serial_rivers_small_a
D:8:      minmay_statue_hallways, layout_loops_ring
D:9:      layout_stronghold
D:10:     layout_gridville, due_lair_maze_entry_diamond, zombieorc1_lemuel,
          uniq_erica
Lair:1:   layout_chaotic_city
Lair:2:   layout_regular_city, minmay_snake_entry_guardpost_medium,
          ebering_ghost_funeral_grove, portal_ice_cave_entry_imps,
          grunt_megastairs_4, uniq_sonja

Skill      XL: |  1  2  3  4  5  6  7  8  9 10 11 |
---------------+----------------------------------+-----
Unarmed Combat | 3 4 5 8 9 11 13 14 | 14.4
Fighting       | 2 4 5 6 7 |  7.2
Armour         | 1 4 5 6 7 |  7.2
Dodging        | 3 4 5 6 7 |  7.2
Throwing       | |  1.7

Action                   |  1- 3 |  4- 6 |  7- 9 | 10-12 || total
-------------------------+-------+-------+-------+-------++-------
Melee: Unarmed           |   174 |   102 |   354 |   337 ||   967
       Punch             |     3 |     3 |    29 |    30 ||    65
Throw: Dart              |     1 |     2 |     7 |     2 ||    12
       Throwing net      |       |     2 |     1 |       ||     3
       Javelin           |       |       |     4 |       ||     4
Evoke: Wand              |       |     6 |     2 |     1 ||     9
  Use: Scroll            |     7 |     2 |    11 |     2 ||    22
       Potion            |       |       |       |     7 ||     7
 Stab: Held in net/web   |       |     2 |       |       ||     2
Armor: Leather armour    |    23 |       |       |       ||    23
       Chain mail        |    41 |    36 |   108 |       ||   185
       Scale mail        |       |       |    54 |     2 ||    56
       Plate armour      |       |       |       |   164 ||   164
Dodge: Dodged            |    80 |    28 |   145 |   158 ||   411

Table legend: (Time is in decaauts)
 A = Elapsed time spent in this place.
 B = Non-inter-level travel time spent in this place.
 C = Inter-level travel time spent in this place.
 D = Time resting spent in this place.
 E = Time spent auto-exploring this place.
 F = Levels seen in this place.
 G = Mean time per level.
                   A        B        C        D        E       F      G
               +--------+--------+--------+--------+--------+-----+--------+
         Total |  14923 |  14358 |    565 |   5844 |   6611 |  12 | 1243.6 |
       Dungeon |  13920 |  13408 |    512 |   5654 |   5965 |  10 | 1392.0 |
          Lair |   1002 |    949 |     53 |    190 |    646 |   2 |  501.0 |
               +--------+--------+--------+--------+--------+-----+--------+

Top non-repeatable levels by time:
     D:8: 1795 daAuts
    D:10: 1741 daAuts
     D:9: 1708 daAuts
     D:4: 1499 daAuts
     D:7: 1420 daAuts
     D:6: 1400 daAuts
     D:3: 1395 daAuts
     D:2: 1126 daAuts
     D:1: 1014 daAuts
  Lair:1: 892 daAuts
     D:5: 819 daAuts
  Lair:2: 109 daAuts
